 Dungeon Crawl Stone Soup version 0.23.2-1-ga50397a (webtiles) character file.

Game seed: 17510167095657057907

43 myga the Skirmisher (level 3, -1/20 HPs)
             Began as a Vine Stalker Fighter on May 4, 2019.
             Slain by a gnoll
             ... wielding a cursed -1 halberd
              (11 damage)
             ... on level 2 of the Dungeon.
             The game lasted 00:03:43 (905 turns).

myga the Skirmisher (Vine Stalker Fighter)           Turns: 905, Time: 00:03:47

Health: -1/20      AC:  6    Str: 18    XL:     3   Next: 58%
Magic:  0/4        EV:  7    Int:  8    God:
Gold:   48         SH:  9    Dex: 14    Spells: 2/2 levels left

rFire    . . .     SeeInvis .   a - +0 flail
rCold    . . .     Gourm    .   c - +0 shield
rNeg     . . .     Faith    .   b - +0 scale mail
rPois    .         Spirit   +   (no helmet)
rElec    .         Reflect  .   (no cloak)
rCorr    .         Harm     .   (no gloves)
MR       .....                  (no boots)
Stlth    ..........             (no amulet)
HPRegen  0.06/turn              (no ring)
MPRegen  0.09/turn              (no ring)

@: no status effects
A: fangs 2, magic shield, antimagic bite, no potion heal 3, rot immunity
a: no special abilities


You were on level 2 of the Dungeon.
You were not hungry.

You visited 1 branch of the dungeon, and saw 2 of its levels.

You collected 48 gold pieces.

Inventory:

Hand Weapons
 a - a +0 flail (weapon)
Missiles
 i - 2 tomahawks (quivered)
 j - 40 stones
 k - 15 poisoned needles
Armour
 b - a +0 scale mail (worn)
 c - a +0 shield (worn)
Scrolls
 e - 2 scrolls of enchant weapon
 h - a scroll of magic mapping
 m - a scroll of identify
Potions
 d - a potion of might
 l - a potion of berserk rage
 n - a potion of invisibility
Comestibles
 f - 2 rations
 g - 6 chunks of flesh


   Skills:
 + Level 3.1 Fighting
 + Level 2.0 Maces & Flails
 + Level 3.0 Armour
 + Level 0.1 Dodging
 + Level 3.0 Shields


You had 2 spell levels left.
You didn't know any spells.
Your spell library was empty.

Dungeon Overview and Level Annotations

Branches:
Dungeon (2/15)

Altars:


Innate Abilities, Weirdness & Mutations

You have extremely sharp teeth.
When hurt, damage is shared between your health and your magic reserves.
Your bite disrupts and absorbs the magic of your enemies.
Potions cannot restore your health.
You are immune to rotting.


Message History

Aim: a gnoll, wielding a -1 halberd (lightly wounded)
You throw a tomahawk. The tomahawk barely misses the gnoll.
An adder comes into view.
Throwing (i - inventory. (/) - cycle)
i - 4 tomahawks (quivered)
Press: ? - help, Shift-Dir - straight line, f/p - gnoll
Aim: a gnoll, wielding a -1 halberd (lightly wounded)
You throw a tomahawk. The tomahawk barely misses the gnoll.
The bat barely misses you.
Some of the chunks of flesh in your inventory have rotted away.
Throwing (i - inventory. (/) - cycle)
i - 3 tomahawks (quivered)
Press: ? - help, Shift-Dir - straight line, f/p - gnoll
Aim: a gnoll, wielding a -1 halberd (lightly wounded)
You throw a tomahawk. The tomahawk closely misses the gnoll.
The tomahawk hits the adder.
The adder is lightly wounded.
The bat hits you but does no damage.
The gnoll zaps a wand.
The puff of flame hits you!
The gnoll hits you from afar with a cursed -1 halberd!
Ouch! That really hurt!
You die...

......### ...#.#..
#>.#.#.#######
#..#.#.#..รท..#
#..#.#.#.###.#
######..#....<....#
..........#########
#####.........#
#@#######.#
#..gb>... #g......#
#.gs....# #S......#
#(......+ #.(.....#
#(......#


You could see 3 gnolls, an adder, a giant cockroach and a bat.

Vanquished Creatures
  An adder (D:2)
  An ooze (D:1)
  3 dart slugs (D:1)
  A giant cockroach (D:1)
  3 goblins (D:1)
  5 hobgoblins (D:1)
  A ball python (D:1)
  2 bats (D:1)
  4 frilled lizards (D:1)
  2 kobolds (D:1)
  2 rats (D:1)
25 creatures vanquished.

Notes
Turn   | Place    | Note
-------+----------+-------------------------------------------
     0 | D:1      | myga the Vine Stalker Fighter began the quest for the Orb.
     0 | D:1      | Reached XP level 1. HP: 11/11 MP: 2/2
     0 | D:1      | Noticed a dwarf
     0 | D:1      | Noticed an octopode
     3 | D:1      | Noticed a naga
     3 | D:1      | Noticed a minotaur
    10 | D:1      | Noticed a felid
    12 | D:1      | Noticed a vine stalker
    14 | D:1      | Noticed a vine stalker
   103 | D:1      | Reached XP level 2. HP: 16/16 MP: 3/3
   509 | D:1      | Reached XP level 3. HP: 20/20 MP: 4/4
   905 | D:2      | Slain by a gnoll

Skill      XL: |  1  2  3 |
---------------+----------+-----
Fighting       | 3 |  3.1
Shields        | 3 |  3.0
Maces & Flails | 2 |  2.0
Armour         | 3 |  3.0
Dodging        | |  0.1

Action                   || total
-------------------------++-------
Melee: Flail             ||    89
       Bite              ||    21
Throw: Tomahawk          ||     7
  Use: Scroll            ||     4
Armor: Scale mail        ||    36
Dodge: Dodged            ||    23
Block: Shield            ||    41
